Map: Dusk Towers

Players

Varest

  • Race: Terran Terran

A.I. 1 (Very Easy) - Winner!

  • Race: Protoss Protoss

VOD

Have the link to the VOD?

Description

Time

  • Played on: Dec. 1, 2015, 12:52 a.m.
  • Length: 12:45
Show
View Real Time Build Order
Export as new Build Order

Varest Terran 

Build Orders: 1/1/1, Bio Tank, Banshee Rush 

Get SALT Encoding   

  12  0:01  SCV  
  13  0:13  SCV  
  14  0:19  Supply Depot  
  14  0:25  SCV  
  15  0:30  Refinery  
  15  0:40  SCV  
  16  0:45  Barracks  
  16  0:52  SCV  
  17  0:58  Refinery  
  17  1:04  SCV  
  18  1:16  SCV  
  19  1:32  Orbital Command  
  19  1:34  Reaper  
  19  1:37  Factory  
  20  1:48  Supply Depot  
  20  1:58  SCV  
  21  2:06  Reaper  
  22  2:10  SCV  
  23  2:21  Hellion  
  23  2:22  SCV  
  26  2:24  Starport  
  26  2:31  Supply Depot  
  26  2:34  SCV  
  27  2:38  Barracks Tech Lab  
  27  2:43  Hellion  
  29  2:46  SCV  
  29  2:50  Supply Depot  
  30  2:58  SCV  
  30  3:05  Hellion  
  33  3:09  Banshee  
  33  3:10  Barracks Reactor, SCV  
  37  3:16  Cloaking Field  
  37  3:23  SCV  
  37  3:25  Widow Mine  
  40  3:35  SCV, Supply Depot  
  41  3:48  Marine  
  41  3:49  Marine  
  41  3:52  Banshee  
  46  4:06  Command Center, Factory Tech Lab, Marine  
  46  4:07  Marine  
  48  4:19  Supply Depot  
  48  4:21  SCV  
  49  4:24  Marine  
  49  4:25  Marine  
  49  4:31  Siege Tank  
  54  4:34  SCV  
  55  4:41  Medivac  
  57  4:46  Marine x2  
  57  4:47  Supply Depot  
  57  4:48  SCV  
  60  4:56  Supply Depot  
  60  5:00  SCV  
  61  5:27  Starport Reactor  
  61  5:28  SCV, Stimpack  
  61  5:29  Barracks  
  61  5:30  Barracks  
  61  5:32  Orbital Command  
  61  5:34  Marine  
  63  5:41  SCV  
  64  5:51  Siege Tank  
  64  5:52  Marine  
  64  5:53  SCV  
  69  5:59  SCV  
  69  6:04  Medivac x2  
  72  6:05  SCV  
  72  6:10  Marine  
  72  6:11  SCV  
  77  6:17  SCV  
  78  6:18  Engineering Bay  
  78  6:21  Barracks Reactor  
  78  6:22  Marine  
  78  6:23  SCV  
  78  6:24  Siege Tank  
  83  6:28  Marine x2  
  83  6:29  SCV  
  86  6:35  SCV, Medivac  
  89  6:40  Marine  
  89  6:45  SCV, Refinery  
  89  6:46  Marine x2  
  93  6:47  Terran Infantry Weapons Level 1, SCV, Refinery  
  94  6:55  Missile Turret  
  94  6:56  Supply Depot x2  
  94  6:59  Missile Turret  
  94  7:04  Supply Depot  
  94  7:12  SCV x2  
  96  7:16  Marine x5  
  96  7:20  Siege Tank  
  104  7:24  SCV x2  
  104  7:28  Combat Shields  
  106  7:36  SCV x2  
  108  7:37  Medivac x2  
  108  7:38  Marine x4  
  108  7:39  Marine  
  117  7:48  SCV x2  
  119  7:54  Command Center  
  119  7:56  Siege Tank  
  122  8:01  SCV x2, Marine x2  
  126  8:14  Supply Depot  
  126  8:15  Supply Depot  
  126  8:18  Supply Depot  
  126  8:20  Supply Depot  
  126  8:30  Engineering Bay  
  126  8:32  Armory  
  126  8:35  Marine x3  
  126  8:36  Siege Tank, Marine x2  
  126  8:38  SCV x2  
  136  8:45  Terran Infantry Armor Level 1  
  136  8:49  Medivac x2  
  136  8:50  SCV x2  
  136  8:53  Marine x3  
  145  9:02  SCV x2  
  147  9:08  Siege Tank, Marine x2  
  152  9:11  Marine x2, Orbital Command  
  154  9:29  Marine  
  154  9:30  Marine x4  
  159  9:32  Terran Vehicle Weapons Level 1  
  159  9:33  Terran Infantry Weapons Level 2  
  159  9:40  Siege Tank  
  159  9:45  Supply Depot x2  
  162  9:46  Supply Depot  
  162  9:47  Supply Depot, Missile Turret  
  162  9:57  Barracks  
  162  9:58  Barracks  
  162  9:59  Barracks  
  162  10:05  Barracks  
  162  10:06  Marine x5  
  167  10:09  Concussive Shells  
  167  10:12  Siege Tank  
  170  10:19  Refinery  
  170  10:20  Refinery  
  170  10:23  Marine  
  170  10:24  Factory, Marine x4  
  175  10:41  Marine x2  
  175  10:42  Marine x3  
  180  10:44  Siege Tank  
  180  10:49  Barracks Reactor  
  183  10:50  Barracks Reactor x2  
  183  10:55  Barracks Reactor  
  183  10:59  Marine x3  
  183  11:00  Marine x2  
  188  11:13  Barracks x2  
  188  11:14  Barracks  
  188  11:16  Siege Tank  
  191  11:23  Factory Tech Lab  
  191  11:25  Marine x3  
  191  11:26  Marine x6  
  200  12:24  Command Center  
  200  12:33  Command Center  
Show
View Real Time Build Order
Export as new Build Order

A.I. 1 (Very Easy) Protoss - Winner!

Build Orders: 1 Gate Expand, Nexus First 

Get SALT Encoding   

  12  0:01  Probe (Chrono Boost)  
  13  0:11  Probe (Chrono Boost)  
  14  0:20  Pylon  
  14  0:42  Gateway  
  14  1:01  Nexus  
  14  1:18  Pylon  
  14  1:22  Assimilator  
  14  1:26  Zealot  
  16  1:34  Cybernetics Core  
  16  1:37  Probe (Chrono Boost)  
  17  1:48  Probe (Chrono Boost)  
  18  1:58  Assimilator  
  18  1:59  Probe (Chrono Boost)  
  19  2:08  Stalker  
  19  2:11  Probe (Chrono Boost)  
  19  2:14  Probe (Chrono Boost)  
  23  2:16  Warp Gate  
  23  2:22  Probe (Chrono Boost)  
  24  2:28  Probe (Chrono Boost)  
  25  2:36  Probe (Chrono Boost)  
  26  2:50  Probe (Chrono Boost), Assimilator  
  27  2:52  Pylon  
  27  2:56  Probe (Chrono Boost)  
  28  3:04  Probe (Chrono Boost)  
  29  3:11  Probe (Chrono Boost)  
  30  3:16  Robotics Facility  
  30  3:18  Probe (Chrono Boost)  
  31  3:20  Zealot  
  33  3:30  Probe (Chrono Boost)  
  34  3:39  Probe (Chrono Boost)  
  35  3:45  Probe (Chrono Boost)  
  36  3:52  Probe (Chrono Boost)  
  37  4:00  Probe (Chrono Boost)  
  38  4:04  Observer  
  38  4:06  Probe (Chrono Boost)  
  40  4:13  Probe (Chrono Boost)  
  41  4:21  Assimilator  
  41  4:22  Probe (Chrono Boost)  
  41  4:24  Observer  
  42  4:28  Probe (Chrono Boost)  
  44  4:32  Stalker  
  44  4:36  Probe (Chrono Boost)  
  44  4:38  Pylon  
  47  4:43  Probe (Chrono Boost)  
  48  4:50  Probe (Chrono Boost)  
  49  4:56  Probe (Chrono Boost)  
  50  10:34  Warp Prism  
  52  10:38  Gateway  
  52  10:41  Robotics Bay  
  52  10:44  Pylon  
  52  10:45  Nexus  
  52  10:48  Stargate  
  52  11:05  Stalker  
  52  11:06  Warp Prism  
  48  11:26  Observer Gravitic Boosters  
  48  11:27  Gateway  
  48  11:40  Observer  
  48  11:41  Zealot  
  51  12:06  Assimilator  
  51  12:10  Assimilator  
  51  12:16  Stalker  
  47  12:34  Probe (Chrono Boost)  
  47  12:35  Pylon  
  42  12:38  Pylon  
Tags
 
Add a new tag
Caveats
  • Supply blocks, unpowered buildings, or Contaminate may cause inaccurate times.
  • Supply counts are checked every 10 seconds.